 Dungeon Crawl Stone Soup version 0.28-a0-1147-gc7b72d3202 (webtiles) character file.

Game seed: 6152413060165859003

82 BinkBink the Skirmisher (level 4, -6/39 HPs)
             Began as a Palentonga Monk on Dec 14, 2021.
             Mangled by an orc (7 damage)
             ... while paralysed by Ijyb
             ... on level 3 of the Dungeon.
             The game lasted 00:02:58 (2248 turns).

BinkBink the Skirmisher (Palentonga Monk)           Turns: 2248, Time: 00:02:58

Health: -6/39      AC:  6    Str: 14    XL:     4   Next: 21%
Magic:  4/4        EV:  1    Int: 10    God:
Gold:   76         SH:  0    Dex: 15    Spells: 3/3 levels left

rFire   . . .      SeeInvis +   a - +0 short sword
rCold   . . .      Faith    .   (no shield)
rNeg    . . .      Spirit   .   d - +0 scale mail
rPois   .          Reflect  .   (no helmet)
rElec   .          Harm     .   (no cloak)
rCorr   .          Rampage  .   (no gloves)
Will    .....                   (no barding)
Stlth   ..........              (no amulet)
HPRegen 0.13/turn               (no ring)
MPRegen 0.09/turn               (no ring)

@: paralysed
A: large, rugged brown scales 3, see invisible, deformed body, roll 1, armoured
tail
a: Rolling Charge


You were on level 3 of the Dungeon.
You visited 1 branch of the dungeon, and saw 3 of its levels.

You collected 76 gold pieces.

Inventory:

Hand Weapons
 a - a +0 short sword (weapon)
Armour
 b - a +0 robe
 d - a +0 scale mail (worn)
Jewellery
 g - a ring of resist corrosion
Wands
 j - a wand of acid (7)
Scrolls
 c - 4 scrolls of identify {unknown}
 e - a scroll of fear {unknown}
 h - a scroll of immolation {unknown}
 i - a scroll of brand weapon {unknown}
 k - a scroll of noise {unknown}
Potions
 f - a potion of mutation {unknown}


   Skills:
 + Level 3.7 Fighting
 + Level 3.6 Short Blades
 + Level 1.1 Armour
 + Level 3.0 Dodging
 - Level 1.2 Stealth


You had 3 spell levels left.
You didn't know any spells.
Your spell library was empty.

Dungeon Overview and Level Annotations

Branches:
Dungeon (3/15)

Altars:

Annotations:
D:3 Ijyb


Innate Abilities, Weirdness & Mutations

You are completely covered in rugged brown scales. (AC +3, +7% HP)
You have supernaturally acute eyesight. (SInv)
Armour fits poorly on your strangely shaped body.
You can roll at nearby foes to attack.
You have a long armoured tail.


Message History

Ijyb hits you with a +0 dagger.
You can move again.
You closely miss Ijyb.
Ijyb is lightly wounded.
Ijyb closely misses you.
You hit Ijyb but do no damage. You tail-slap Ijyb, but do no damage.
Ijyb is lightly wounded.
You hit Ijyb but do no damage.
Ijyb is lightly wounded.
Ijyb closely misses you.
An orc comes into view. It is wielding a +0 trident.
You closely miss Ijyb.
Ijyb is lightly wounded.
The orc shouts!
You hear a shout!
Ijyb hits you with a +0 dagger.
You hit Ijyb but do no damage.
Ijyb is lightly wounded.
Ijyb closely misses you.
Unknown command.
You barely miss Ijyb.
Your tail-slap misses Ijyb.
Ijyb is lightly wounded.
Ijyb hits you with a +0 dagger.
An orc wizard comes into view. It is wielding a +0 dagger.
You hit Ijyb.
Ijyb is moderately wounded.
Ijyb barely misses you.
You hit Ijyb but do no damage.
Ijyb is moderately wounded.
The orc hits you but does no damage.
Ijyb zaps a wand.
You suddenly lose the ability to move!
The orc wizard casts a spell.
The orc wizard flickers and vanishes for a moment.
The orc hits you from afar with a +0 trident.
* * * LOW HITPOINT WARNING * * *
Ijyb hits you but does no damage.
The orc hits you from afar with a +0 trident.
* * * LOW HITPOINT WARNING * * *
Ijyb zaps a wand.
You shrug off the repeated paralysis!
The orc hits you from afar with a +0 trident!
You die...

≈.≈≈≈≈≈≈≈≈≈≈.#.#
#.#
..≈≈≈≈≈≈≈≈≈..#.#
#.#
.≈≈≈≈≈≈≈≈≈≈.≈#.#
#.#
≈≈..≈≈.........#
#.####.
......≈......###
#..<...
.#######.##.##
####### #....#
##########.#
....oog@..>#
...#######.......
#..##### #....
##.#.# .#.# .# .
.# #


You could see Ijyb, an orc wizard (invisible) and an orc.

Vanquished Creatures
  An orc wizard (D:3)
  A worm (D:2)
  A dart slug (D:2)
  2 orcs (D:3)
  3 ball pythons
  An endoplasm (D:1)
  4 giant cockroaches
  4 goblins
  5 hobgoblins
  6 jackals
  2 quokkas (D:1)
  7 bats
  3 frilled lizards
  3 kobolds
  5 rats
48 creatures vanquished.

Notes
Turn   | Place    | Note
-------+----------+-------------------------------------------
     0 | D:1      | BinkBink the Palentonga Monk began the quest for the Orb.
     0 | D:1      | Reached XP level 1. HP: 19/19 MP: 1/1
   201 | D:1      | Reached XP level 2. HP: 17/25 MP: 2/2
  1149 | D:2      | Reached XP level 3. HP: 15/31 MP: 3/3
  2187 | D:3      | Found a faded altar of an unknown god.
  2202 | D:3      | Noticed Ijyb
  2221 | D:3      | Reached skill level 1 in Armour
  2221 | D:3      | Reached XP level 4. HP: 27/39 MP: 4/4
  2230 | D:3      | Paralysed by Ijyb for 7 turns
  2245 | D:3      | Paralysed by Ijyb for 3 turns
  2247 | D:3      | HP: 1/39 [orc (6)]
  2248 | D:3      | Mangled by an orc

Illustrated notes

Levels and vault maps discovered:
D:1:      dpeg_arrival_tiny_a, layout_basic
D:2:      layout_loops_ring, minmay_randomly_rotated_circles
D:3:      layout_loops_ring, chequers_ecumenical_altar_island, serial_shops,
          nicolae_lakefront_shop, corexii_hall_statues_x,
          lightli_corner_chamber, uniq_ijyb

Skill      XL: |  1  2  3 |
---------------+----------+-----
Armour         | 1 |  1.1
Dodging        | 3 |  3.0
Fighting       | |  3.7
Short Blades   | |  3.6
Stealth        | |  1.2

Action                   |  1- 3 |  4- 6 || total
-------------------------+-------+-------++-------
Melee: Short sword       |   175 |    17 ||   192
       Tailslap          |    27 |     1 ||    28
 Stab: Sleeping          |     1 |       ||     1
Armor: Robe              |     4 |       ||     4
       Scale mail        |    84 |     6 ||    90
Dodge: Dodged            |    76 |     7 ||    83

Table legend: (Time is in decaauts)
 A = Elapsed time spent in this place.
 B = Non-inter-level travel time spent in this place.
 C = Inter-level travel time spent in this place.
 D = Time resting spent in this place.
 E = Time spent auto-exploring this place.
 F = Levels seen in this place.
 G = Mean time per level.
                   A        B        C        D        E       F      G
               +--------+--------+--------+--------+--------+-----+--------+
         Total |   2233 |   2156 |     77 |      0 |   1785 |   3 |  744.3 |
       Dungeon |   2233 |   2156 |     77 |      0 |   1785 |   3 |  744.3 |
               +--------+--------+--------+--------+--------+-----+--------+

Top non-repeatable levels by time:
     D:1: 1107 daAuts
     D:2: 1040 daAuts
     D:3: 86 daAuts
